[Event "Croatian 1A League 2022"]
[Site "Porec"]
[Date "2022.10.01"]
[Round "8.25"]
[White "Kadric, Denis"]
[Black "Kozul, Zdenko"]
[Result "1-0"]
[ECO "B24"]
[WhiteElo "2561"]
[BlackElo "2549"]
[Annotator "TA"]
[PlyCount "47"]
[EventDate "2022.09.24"]
[EventType "team-tourn"]
[EventCountry "CRO"]
[SourceTitle "playchess.com"]
[Source "ChessBase"]
[SourceQuality "1"]
[TimeControl "40/5400+30:1800+30"]

1. e4 c5 2. Ne2 d6 3. Nbc3 Nf6 4. g3 Nc6 5. Bg2 e6 6. O-O Be7 7. h3 O-O 8. f4 d5 {[%emt 0:04:40][%cal Bd6d5,Bd5d4][%mdl 32] B24: Closed Sicilian: 3 g3 sidelines.} 9. d3 d4 10. Nb1 e5 {[%emt 0:00:08] Black is slightly better.} 11. Nd2 Nd7 12. Nf3 {[%emt 0:02:09] [#]} a5 $146 ({Predecessor:} 12... b5 13. g4 a5 14. a4 bxa4 15. Rxa4 Ba6 16. Rf2 Bb5 17. Ra1 c4 18. Ng3 Bc5 19. f5 a4 20. Rb1 Nb4 {0-1 (32) Mladenov,E (2157)-Arnaudov,P (2453) Ognjanovo 2011}) 13. a4 exf4 14. gxf4 g6 15. Ng3 Ra6 16. Qe2 Re8 17. b3 f5 (17... Nf8 $11 {keeps the balance.}) 18. exf5 $16 Bh4 19. Qf2 Nb4 20. Nxh4 Qxh4 21. fxg6 Nxc2 $2 {[%emt 0:05:24][%mdl 8192] [#]} 22. Bd5+ $18 {[%emt 0:05:22] White is clearly winning.} ({Less strong is} 22. Qxc2 Qxg3 23. f5 Kg7 $18) 22... Rae6 23. f5 Nf6 24. fxe6 {[%emt 0:00:12] Weighted Error Value: White=0.03 (flawless) /Black=0.16 (very precise)} 1-0

[Event "Croatian 1A League 2022"]
[Site "Porec"]
[Date "2022.10.01"]
[Round "8.28"]
[White "Petkov, Vladimir"]
[Black "Plenca, Julijan"]
[Result "1/2-1/2"]
[ECO "D43"]
[WhiteElo "2451"]
[BlackElo "2447"]
[Annotator "TA"]
[PlyCount "137"]
[EventDate "2022.09.24"]
[EventType "team-tourn"]
[EventCountry "CRO"]
[SourceTitle "playchess.com"]
[Source "ChessBase"]
[SourceQuality "1"]
[TimeControl "40/5400+30:1800+30"]

1. d4 d5 2. c4 e6 3. Nf3 Nf6 4. Nc3 c6 5. Qd3 Nbd7 6. g3 {[%emt 0:02:47] D43: Semi-Slav: 5 Bg5 h6.} b6 7. Bg2 Ba6 8. b3 Bb4 9. O-O O-O 10. a3 {[%emt 0:02:20] [#]} Bd6 $146 ({Predecessor:} 10... Bxc3 11. Qxc3 Rc8 12. Rd1 dxc4 13. bxc4 c5 14. Bb2 cxd4 15. Rxd4 Qe7 16. Rad1 e5 {½-½ (36) Zontakh,A (2568)-Sitnikov,D (2470) Olginka 2011}) 11. Rd1 Qe7 12. e4 dxc4 13. bxc4 e5 14. Nh4 {[%emt 0:00:52] Strongly threatening Nf5.} g6 {[%emt 0:03:17] Against Nf5} 15. dxe5 (15. d5 $1 $14 Rfc8 16. Bh3) 15... Bxe5 $15 {[%emt 0:00:36] aiming for ...Nc5.} 16. Bb2 (16. Nf3 $15) 16... Rad8 (16... Nc5 $1 $17 17. Qe2 Qe6) 17. Nf3 Rfe8 18. Qe2 Qe6 (18... Bxc3 $17 19. Bxc3 Nxe4) 19. Nd4 (19. Qd2 $1 $11 {remains equal.}) 19... Bxd4 $17 (19... Qxc4 20. Qxc4 Bxc4 21. Nxc6 $14) (19... Bxc4 20. Nxe6 Bxe2 21. Nxd8 Bxd1 22. Rxd1 $14) 20. Rxd4 Ne5 $1 21. Rxd8 Rxd8 22. Nd5 {[%emt 0:00:37] Nxf6+ is the strong threat.} Ne8 {[%emt 0:01:02] Pair of Knights!} (22... cxd5 23. exd5 Bxc4 24. dxe6 $14) ({Black should play} 22... Bxc4 $17 23. Qe1 cxd5 24. exd5 Bxd5 $1 25. Qxe5 Qxe5 26. Bxe5 Nd7) 23. Rc1 f6 (23... cxd5 24. exd5 Qe7 25. Qxe5 Qxe5 26. Bxe5 $16) (23... Nxc4 $17 24. Nf4 Qe7) 24. Ne3 $11 Rd7 25. Qc2 Nd3 26. Rd1 Nxb2 27. Rxd7 Qxd7 28. Qxb2 Qd6 {[%emt 0:01:16] Inhibits e5.} (28... c5 {is more complex.} 29. e5 Qd4 30. Qb3 Qa1+) 29. h4 (29. Qb3 $5 Qc7 30. c5+ Kg7 31. Qc2 $14) 29... Bc8 30. Kh2 (30. Qb3 $5 ) 30... Be6 31. f4 (31. Qb3 $11) 31... Qd3 $15 32. Qc1 Qd4 $1 33. e5 {[%emt 0:00:38] Against Nd6} ({White should try} 33. f5 Bc8 34. c5) 33... fxe5 $17 34. fxe5 Qxe5 (34... c5 $1 $17 35. Nd5 Qxe5) 35. Bxc6 $15 Nf6 {[%emt 0:00:09][%cal Oe5e3] And now ...Qxe3! would win.} 36. Bf3 Qd4 {[%emt 0:01:34] Against Nd5} 37. Kg2 Kg7 38. Kf2 Nd7 39. Be2 Ne5 40. Qh1 Bxc4 ({Much weaker is} 40... Ng4+ $6 41. Bxg4 Bxg4 42. Qb7+ Kh6 43. Qe7 (43. Qd5 Qb2+ 44. Kg1 Qc1+ 45. Kf2 Qb2+ 46. Kg1 Qc1+ 47. Kf2 Qb2+ $11) 43... Qd2+ 44. Kg1 Qe1+ 45. Kg2 Qe2+ 46. Kg1 Qe1+ 47. Kg2 Qe2+ 48. Kg1 Qe1+ $11) 41. Qb7+ Kf6 42. Bxc4 Nxc4 $17 {[%emt 0:02:30][%mdl 4096] Endgame KQN-KQN} 43. Qc6+ Nd6 44. Kf3 Ke6 45. Qa8 Qg7 46. Qd5+ Kd7 47. Qa8 Qf7+ 48. Ke2 Qa2+ 49. Kf3 Qxa3 50. Qg8 Nf5 51. Qxh7+ Qe7 52. Qxe7+ Nxe7 {[%emt 0:00:23] KN-KN} (52... Kxe7 $17 53. Ng2 a5) 53. Ke4 $11 Ke6 {[%emt 0:01:29] Threatens to win with ...Nf5.} 54. g4 {[%emt 0:00:00] Prevents Nf5.} Ng8 55. Nc2 Nf6+ 56. Kf4 a5 57. Na3 (57. Nd4+ $11 {feels stronger.} Kf7 58. Nb5) 57... Nd5+ (57... Nh7 $1 $17 58. Ke4 Nf6+ 59. Kf4 Nd5+ 60. Kg5 Kf7) 58. Ke4 (58. Kg5 $11 {keeps the balance.}) 58... Nf6+ (58... a4 $5 59. Nc2 Nf6+ 60. Kf4 Nd5+ 61. Ke4 Nf6+ 62. Kf4 Nh7 $17) 59. Kf4 a4 (59... Nh7 $1 $17 60. Ke4 Nf6+ 61. Kf4) 60. Kg5 Kf7 61. h5 $2 {[%emt 0:00:10][%mdl 8192] [#]} (61. Kf4 $11) 61... gxh5 $2 (61... Nxh5 $1 $19 62. Nb5 (62. gxh5 $2 gxh5 63. Kxh5 Ke6 $19) (62. Nc2 Nf6) 62... Nf6) 62. gxh5 {[%emt 0:00:10] The position is equal.} Nd5 63. Kf5 Nc7 64. Ke5 b5 65. Nc2 Kg7 66. Kd6 Na6 67. Kc6 b4 68. Kb5 b3 69. Na3 {[%emt 0:00:08] Weighted Error Value: White=0.17 (very precise) /Black=0.17 (very precise)} 1/2-1/2

[Event "Croatian 1A League 2022"]
[Site "Porec"]
[Date "2022.10.01"]
[Round "8.29"]
[White "Plenca, Jadranko"]
[Black "Zelcic, Robert"]
[Result "1-0"]
[ECO "B11"]
[WhiteElo "2412"]
[BlackElo "2495"]
[Annotator "TA"]
[PlyCount "89"]
[EventDate "2022.09.24"]
[EventType "team-tourn"]
[EventCountry "CRO"]
[SourceTitle "playchess.com"]
[Source "ChessBase"]
[SourceQuality "1"]
[TimeControl "40/5400+30:1800+30"]

1. e4 c6 2. Nc3 d5 3. Nf3 Bg4 4. h3 Bxf3 5. Qxf3 e6 6. g3 Bc5 {[%emt 0:01:31] B11: Caro-Kann: Two Knights Variation.} 7. Bg2 Ne7 8. O-O O-O {[%emt 0:00:57] [#] The position is equal.} 9. Na4 $146 ({Predecessor:} 9. Ne2 e5 10. Qb3 Na6 11. exd5 Nxd5 12. Nc3 Nxc3 13. bxc3 Rb8 14. Qc4 Qa5 15. a4 {½-½ (90) Svane,R (2613)-Bluebaum,M (2670) Magdeburg 2021}) 9... Bd6 10. d4 Nd7 11. Nc3 Bc7 12. Re1 Bb6 13. exd5 cxd5 14. Bg5 {[%emt 0:03:32][%cal Rc3d5] And now Nxd5! would win.} Re8 15. Nb5 Nf8 16. c4 a6 17. Nc3 dxc4 18. Rad1 {[%emt 0:03:58] next d5 is good for White.} f6 19. Be3 Nf5 (19... Ba5 $11) 20. Qxb7 $16 Nxe3 21. fxe3 (21. Rxe3 $16 Rc8 22. Qxa6) 21... Ra7 22. Qc6 Qb8 23. g4 (23. Re2 $14) 23... Rc8 $11 24. Qe4 Qd6 25. d5 {[%emt 0:02:38] aiming for dxe6.} e5 (25... Re7 $11 {keeps the balance.}) 26. Qf5 $16 Rb8 27. Ne4 Qd7 28. Qf1 {[%emt 0:01:48] White is more active.} Rc7 29. Kh1 Ba7 30. Re2 Ng6 {[%emt 0:00:04] This costs Black the game.} (30... a5 $16) 31. d6 $18 Rcb7 32. Ng3 {[%emt 0:00:46] Threatens to win with Bd5+.} Rb4 33. Nf5 Kh8 (33... e4 $16 {was worth a try.} 34. Bxe4 Kh8) 34. Rc2 Qb5 $2 (34... e4 35. Rxc4 (35. Bxe4 Ne5 $18) 35... Rxc4 36. Qxc4 Ne5 37. Qxe4 (37. Qxa6 Bb6 $18) 37... a5) 35. d7 Bb6 36. Rd5 Qa4 37. b3 cxb3 38. Rc8+ Bd8 39. axb3 Rxb3 {[%emt 0:00:41] [#]} 40. Nh6 $1 {[%emt 0:00:00][%mdl 512] Nf7+ is the strong threat.} Rb1 {[%emt 0:00:00] [#]} (40... Nf8 41. Rxd8) 41. Qxb1 $1 Rxb1+ 42. Kh2 gxh6 43. Rxd8+ Kg7 {[%emt 0:00:08] [#]} 44. Rc8 (44. Rg8+ $142 $3 Kxg8 45. d8=Q+ Nf8 46. Rc5 Rb2 47. Qd5+ Kg7 48. Rc7+ (48. Rc8 Qd7 $11) 48... Qd7 49. Rxd7+ Nxd7 50. Qxd7+ Kf8 51. Kg3) 44... Rb2 45. d8=Q {[%emt 0:00:34] Weighted Error Value: White=0.11 (very precise) /Black=0.62} 1-0

[Event "Croatian 1A League 2022"]
[Site "Porec"]
[Date "2022.10.01"]
[Round "8.30"]
[White "Jankovic, Alojzije"]
[Black "Bobanac, Miro"]
[Result "1-0"]
[ECO "D93"]
[WhiteElo "2548"]
[BlackElo "2245"]
[Annotator "TA"]
[PlyCount "69"]
[EventDate "2022.09.24"]
[EventType "team-tourn"]
[EventCountry "CRO"]
[SourceTitle "playchess.com"]
[Source "ChessBase"]
[SourceQuality "1"]
[TimeControl "40/5400+30:1800+30"]

1. d4 d5 2. Nf3 Nf6 3. c4 c6 4. Nc3 g6 5. Bf4 Bg7 6. e3 O-O 7. h3 Nbd7 8. cxd5 Nxd5 9. Nxd5 cxd5 10. Be2 {[%emt 0:01:43] D93: Grünfeld: 4 Nf3 Bg7 5 Bf4 0-0 6 e3.} Qa5+ 11. Qd2 Qxd2+ 12. Kxd2 {[%emt 0:00:04] White is slightly better.} f6 13. Rhc1 e5 14. Bg3 Re8 15. Bb5 {[%emt 0:02:35][%cal Oc1c8] [#]} a6 $146 {[%emt 0:04:27] [#]} (15... Rd8 $142) ({Predecessor:} 15... Re6 16. Rxc8+ {1-0 (16) Vodicka,M (1811)-Couspeyre,T (1274) LSS email 2011}) 16. Rxc8 $1 $16 {[%emt 0:08:23][%mdl 512] White has more active pieces. The black rooks are badly placed.} axb5 17. Rc7 Nb6 18. Rxb7 Nc4+ 19. Ke2 Nxb2 20. Rxb5 ({Better is} 20. dxe5 $16 fxe5 {[#]} 21. Rxg7+ $1 (21. Rxb5 Na4 $14) 21... Kxg7 22. Bxe5+ Rxe5 23. Nxe5) 20... Na4 $14 {[%emt 0:00:14] Strongly threatening ...Nc3+.} 21. Rc1 {[%emt 0:06:16] Inhibits Nc3+.} Rec8 $2 {[%emt 0:03:34] [#] Black cannot hold the game after this.} (21... Rac8 $1 $11 22. Rxc8 Rxc8) 22. Ra5 $3 $18 Nb6 (22... Rxa5 23. Rxc8+) 23. Rxc8+ Rxc8 24. dxe5 fxe5 25. Nxe5 Rc2+ 26. Kf3 Rd2 $2 (26... Bxe5 27. Bxe5 Nc4 28. Rxd5 Rxa2) 27. Ra6 Bxe5 28. Bxe5 {[%emt 0:00:14][%mdl 4096] Endgame KRB-KRN} Nc4 29. Bd4 Rc2 30. a4 Ra2 31. Ra7 Kf8 32. Kg3 h5 33. h4 Nd2 $2 (33... Ke8 34. Ra6 Kd7 35. Rxg6 Nd6) 34. f3 Nb3 35. Bb6 {[%emt 0:00:54] Weighted Error Value: White=0.20 (precise) /Black=0.51} 1-0

[Event "Croatian 1A League 2022"]
[Site "Porec"]
[Date "2022.10.02"]
[Round "9.1"]
[White "Kozul, Zdenko"]
[Black "Saric, Ivan"]
[Result "1/2-1/2"]
[ECO "D77"]
[WhiteElo "2549"]
[BlackElo "2668"]
[Annotator "TA"]
[PlyCount "23"]
[EventDate "2022.09.24"]
[EventType "team-tourn"]
[EventCountry "CRO"]
[SourceTitle "playchess.com"]
[Source "ChessBase"]
[SourceQuality "1"]
[TimeControl "40/5400+30:1800+30"]

1. Nf3 d5 2. g3 Nf6 3. Bg2 g6 4. d4 Bg7 5. O-O O-O 6. c4 dxc4 7. Na3 Nc6 8. Nxc4 Be6 9. Nce5 Bd5 10. Bf4 e6 {[%emt 0:02:12] D77: Fianchetto Grünfeld: 6 0-0: Replies other than 6...c6.} 11. Nxc6 Bxc6 {[%emt 0:00:07] [#]} 12. Rc1 $146 {[%emt 0:00:03] A rather calm draw.} ({Predecessor:} 12. Qc1 Re8 13. Be5 Rc8 14. b4 Qd7 15. Qb2 Bd5 16. Rfe1 Qe7 17. b5 c5 18. dxc5 Rxc5 {½-½ (42) Levitt,M (2275)-Steel,S (2235) South Africa 2005}) 1/2-1/2

[Event "Croatian 1A League 2022"]
[Site "Porec"]
[Date "2022.10.02"]
[Round "9.2"]
[White "Banusz, Tamas"]
[Black "Stevic, Hrvoje"]
[Result "1/2-1/2"]
[ECO "A07"]
[WhiteElo "2622"]
[BlackElo "2565"]
[Annotator "TA"]
[PlyCount "116"]
[EventDate "2022.09.24"]
[EventType "team-tourn"]
[EventCountry "CRO"]
[SourceTitle "playchess.com"]
[Source "ChessBase"]
[SourceQuality "1"]
[TimeControl "40/5400+30:1800+30"]

1. Nf3 d5 2. g3 Bg4 3. Bg2 c6 4. h3 Bh5 5. c4 e6 6. O-O {[%emt 0:00:34] A07: Réti Opening: New York and Capablanca Systems.} Nf6 7. Qb3 Qb6 8. d3 Nbd7 9. Qc2 dxc4 10. Qxc4 Bxf3 11. Bxf3 Ne5 12. Qf4 Nxf3+ 13. Qxf3 Be7 14. Nd2 O-O 15. Nc4 {[%emt 0:00:23] [#]} Qa6 $146 ({Predecessor:} 15... Qd8 16. b4 Qd5 17. e4 Qd8 18. Rb1 Rc8 19. Bd2 b5 20. Na5 Qd7 21. Rfd1 e5 {1-0 (54) Vachier Lagrave,M (2763)-So,W (2778) chess24.com INT 2021}) 16. Bd2 Nd5 17. a3 Bf6 18. Rab1 Rfd8 19. Rfc1 Nb6 20. Ne3 Bd4 21. Kg2 Nd5 22. Nc4 Nb6 23. Ne3 Nd5 24. Rc4 Nxe3+ 25. fxe3 Be5 26. Rh4 g6 $1 27. Bc3 (27. Rf1 f5 $15) 27... Bxc3 28. bxc3 Rd7 29. Rhb4 Re8 30. h4 Ree7 31. h5 Qa5 32. Rh1 Qe5 33. Rf4 f5 34. hxg6 hxg6 35. d4 Qf6 36. Rfh4 Rh7 37. Rxh7 Rxh7 38. Rxh7 Kxh7 $11 {[%emt 0:00:06][%mdl 4096] Endgame KQ-KQ} 39. Qf4 Qe7 40. a4 c5 41. Qe5 {[%emt 0:05:08] And now d5 would win.} cxd4 42. exd4 {[%emt 0:00:16] Threatens to win with d5.} Qd7 {[%emt 0:00:20] Prevents d5.} 43. c4 {[%emt 0:04:18] Inhibits Qd5+.} b6 $1 44. Kf2 a5 $2 (44... Kg8 $11 {and Black stays safe.}) 45. Ke3 $2 (45. d5 $1 $18 ) 45... Qxa4 46. Qxe6 Qd1 47. d5 a4 $2 (47... Qc1+ $11 {and Black is okay.} 48. Kf2 Qxc4) 48. d6 $2 (48. Qf7+ $18 Kh6 49. Qf8+ Kh7 50. Qe7+ Kh6 51. Qe5 (51. Qf8+ Kh7 $16)) 48... a3 $14 {[%emt 0:00:38] [#]} 49. d7 $1 {[%emt 0:01:41] Intending Qe7+ and mate.} a2 $2 (49... Qg1+ $14 50. Kd2 (50. Kf3 Qh1+ 51. Kf2 Qh2+ 52. Kf3 Qh1+ 53. Kf2 Qh2+ 54. Ke3 Qg1+ 55. Kd2 Qd4+ 56. Kc2 Qb2+ 57. Kd3 Qb1+ 58. Kd2 Qb2+ 59. Kd3 Qb3+ 60. Kd2 Qb2+ 61. Ke3 Qc3+ 62. Kf2 Qd4+ 63. Kg2 a2 $16) 50... Qd4+ 51. Kc2 Qb2+ 52. Kd3 Qb3+ 53. Kd2 Qb2+ 54. Ke3 Qc3+ 55. Kf2 Qd4+ 56. Kg2 a2 57. Qe7+ Kh6) 50. Qe7+ Kh6 {[%emt 0:00:02] [#]} 51. d8=Q $2 (51. Qh4+ $1 $18 {and the rest is easy.} Kg7 52. d8=Q (52. Qe7+ Kh6 $16) 52... Qxd8 53. Qxd8) 51... f4+ $16 (51... Qg1+ 52. Kd2) 52. gxf4 (52. Kf2 $6 fxg3+ 53. Kf3 (53. Kg2 Qxd8 54. Qxd8 a1=Q $11) 53... Qxd8 54. Qxd8 a1=Q $11) (52. Kf3 $16 Qxd8 53. Qxd8) 52... Qc1+ $1 $11 {[%emt 0:00:16] The position is equal.} (52... Qg1+ 53. Kd2 (53. Kf3 Qf1+ 54. Ke3 Qc1+ 55. Kf3 Qf1+ 56. Ke3 Qc1+ 57. Qd2 a1=Q $16) (53. Kf3 Qf1+ 54. Ke3 Qc1+ 55. Qd2 a1=Q $16)) 53. Ke4 ({Don't do} 53. Kf3 $6 Qf1+ 54. Ke3 (54. Ke4 Qh1+ 55. Ke3 Qc1+ 56. Kf3 Qf1+ 57. Ke3 Qc1+ $16) 54... Qc1+ 55. Kf3 Qf1+ 56. Ke3 (56. Ke4 Qh1+ 57. Ke3 Qc1+ $14) 56... Qc1+ $14) 53... Qh1+ $1 54. Ke5 a1=Q+ 55. Qd4 {[%emt 0:00:52] The board is on fire.} Qxd4+ 56. Kxd4 {[%emt 0:00:01] e4 is the strong threat.} Qd1+ 57. Ke3 Qc1+ 58. Kf3 Qf1+ {[%emt 0:00:21] Weighted Error Value: White=0.31/Black=0.16 (very precise)} 1/2-1/2

[Event "Croatian 1A League 2022"]
[Site "Porec"]
[Date "2022.10.02"]
[Round "9.3"]
[White "Palac, Mladen"]
[Black "Balogh, Csaba"]
[Result "1/2-1/2"]
[WhiteElo "2516"]
[BlackElo "2583"]
[Annotator "TA"]
[PlyCount "32"]
[EventDate "2022.09.24"]
[EventType "team-tourn"]
[EventCountry "CRO"]
[SourceTitle "playchess.com"]
[Source "ChessBase"]
[SourceQuality "1"]
[TimeControl "40/5400+30:1800+30"]

1. Nf3 d5 2. d4 Nf6 3. c4 c6 4. Nc3 dxc4 5. a4 Bf5 6. Ne5 Nbd7 $1 {[%emt 0:00:32] 6...Nbd7 scores better than 6...e6.} 7. Nxc4 Nb6 8. Ne5 {[%emt 0:00:36] [#]} {Predecessor:} a5 $146 {D17: Slav Defence: 5 a4 Bf5: Lines with 6 Nh4 and 6 Ne5.} 9. e3 Nbd7 10. Bd3 Bxd3 11. Nxd3 e6 12. O-O Qb6 13. b3 Be7 14. Bb2 O-O 15. Qc2 Rac8 16. Rac1 Rfd8 {1-0 (53) Fedoseev,V (2686)-Matlakov,M (2671) Chess.com INT 2022} 1/2-1/2

[Event "Croatian 1A League 2022"]
[Site "Porec"]
[Date "2022.10.02"]
[Round "9.4"]
[White "Kuljasevic, Davorin"]
[Black "Petkov, Vladimir"]
[Result "0-1"]
[ECO "E15"]
[WhiteElo "2560"]
[BlackElo "2451"]
[Annotator "TA"]
[PlyCount "82"]
[EventDate "2022.09.24"]
[EventType "team-tourn"]
[EventCountry "CRO"]
[SourceTitle "playchess.com"]
[Source "ChessBase"]
[SourceQuality "1"]
[TimeControl "40/5400+30:1800+30"]

1. d4 Nf6 2. c4 e6 3. Nf3 b6 4. g3 Ba6 5. b3 Bb4+ 6. Bd2 Be7 7. Bg2 c6 8. O-O d5 9. Qc2 O-O 10. Rd1 Nbd7 11. a4 {[%emt 0:04:42] The main line 11.a4 scores better than 11.Bf4.} Rc8 12. Na3 {[%emt 0:08:04] E15: Queen's Indian: 4 g3 sidelines, 4 g3 Ba6 and 4 g3 Bb7 early deviations.} (12. a5 $5 ) 12... Bb7 13. Qb2 c5 14. Rac1 {[%emt 0:09:36] The position is equal.} a6 15. Be1 Ne4 16. e3 f5 {[%emt 0:00:54] [#]} 17. b4 $146 ({Predecessor:} 17. Nb1 Bf6 18. Nc3 Qe7 19. Qe2 Qf7 20. a5 bxa5 21. cxd5 Nxc3 22. Bxc3 Bxd5 23. Ne5 Bxe5 24. Bxd5 cxd4 25. exd4 {½-½ (25) Schmidt,T (2435)-Krzyzanowski,A (2365) ICCF email 2019}) 17... Bf6 ({Black should play} 17... cxb4 $11 18. Bxb4 Bxb4 19. Qxb4 a5) 18. Qb3 (18. bxc5 $14 Ndxc5 19. a5) 18... dxc4 19. Nxc4 {[%emt 0:05:57] next dxc5 is good for White.} Bd5 20. dxc5 bxc5 21. Qd3 {[%emt 0:00:40] Threatens to win with Nfd2.} Nb6 22. Nxb6 Qxb6 23. Qa3 {[%emt 0:04:25] [#] Black continues to play with concentration.} (23. bxc5 $11 {remains equal.} Nxc5 24. Qa3) 23... Qb7 $1 $17 {[%emt 0:02:52] Black is much more active.} 24. Rb1 (24. Bf1 $17) 24... c4 $19 25. b5 c3 26. bxa6 Qxa6 27. Rdc1 (27. Rxd5 exd5 28. Bf1) 27... Qe2 28. Nd4 (28. Rb5 $142) 28... Bxd4 29. exd4 c2 $2 (29... f4 {( -> ...fxg3)} 30. gxf4 Rxf4) 30. Rb5 f4 {[%emt 0:02:23] Inhibits Qe3.} 31. Bf3 Qc4 {[%emt 0:00:06] Dancing on a razor blade.} 32. Rb4 Qc6 33. Rb5 $2 (33. Bxe4 Bxe4 34. Rb3) 33... fxg3 {[%emt 0:00:40] Black is clearly winning.} 34. hxg3 {[%emt 0:00:09] [#]} Rxf3 35. Qxf3 Ng5 ({Weaker is} 35... Nd6 36. Rxd5 exd5 37. Bb4 $15) 36. Qe3 Nf3+ 37. Kg2 Nxe1+ {[%emt 0:01:14][%mdl 64] Discovered Attack (Double check)} 38. Kh3 Nf3 {[%emt 0:00:55] White must now prevent ...Qd7.} 39. Rc5 Qa8 {[%emt 0:01:34] Strongly threatening ...Rxc5.} 40. R1xc2 Rf8 {[%emt 0:00:00] And now ...e5 would win.} 41. g4 (41. Rxd5 $142 Qxd5 42. Rc5) 41... Qd8 {[%emt 0:01:39] Weighted Error Value: White=1.03/Black=0.36} 0-1

[Event "Croatian 1A League 2022"]
[Site "Porec"]
[Date "2022.10.02"]
[Round "9.5"]
[White "Zelcic, Robert"]
[Black "Jovanic, Ognjen"]
[Result "1/2-1/2"]
[ECO "C67"]
[WhiteElo "2495"]
[BlackElo "2507"]
[Annotator "TA"]
[PlyCount "67"]
[EventDate "2022.09.24"]
[EventType "team-tourn"]
[EventCountry "CRO"]
[SourceTitle "playchess.com"]
[Source "ChessBase"]
[SourceQuality "1"]
[TimeControl "40/5400+30:1800+30"]

1. e4 e5 2. Nf3 Nc6 3. Bb5 Nf6 4. O-O Nxe4 5. Re1 Nd6 6. Nxe5 Be7 7. Bf1 Nf5 {[%emt 0:00:15] C67: Ruy Lopez: Berlin Defence: 4 0-0 Nxe4.} 8. Bd3 d5 9. Bb5 Nfd4 10. Nxc6 bxc6 11. Ba4 Bd7 12. c3 {[%emt 0:04:18] [#]} Ne6 $146 ({Predecessor:} 12... Nf5 13. d4 O-O 14. Bc2 Re8 15. Bf4 Bd6 16. Bxd6 Rxe1+ 17. Qxe1 cxd6 18. Nd2 Qb6 19. Bxf5 Bxf5 {0-1 (27) Wakeham,M (1530)-Chambers,D (2187) ICCF email 2017}) 13. d4 O-O {[%emt 0:00:11] The position is equal.} 14. Nd2 c5 15. Nf3 cxd4 16. cxd4 Bxa4 17. Qxa4 c5 18. Be3 Qb6 19. dxc5 Bxc5 20. Bxc5 Nxc5 21. Qd4 Rfd8 22. Re2 Ne6 23. Qxb6 axb6 24. a3 b5 25. b4 Rac8 26. h4 d4 27. g3 Rc3 28. Kg2 g6 29. Re5 d3 30. Rd1 Rxa3 31. Rxb5 Nd4 32. Nxd4 Rxd4 33. Rd2 Rb3 34. Kf3 {[%emt 0:00:06] An interesting draw.  Weighted Error Value: White=0.03 (flawless) /Black=0.03 (flawless)} 1/2-1/2

[Event "Croatian 1A League 2022"]
[Site "Porec"]
[Date "2022.10.02"]
[Round "9.6"]
[White "Srbis, Jurica"]
[Black "Jankovic, Alojzije"]
[Result "1/2-1/2"]
[ECO "C47"]
[WhiteElo "2442"]
[BlackElo "2548"]
[Annotator "TA"]
[PlyCount "40"]
[EventDate "2022.09.24"]
[EventType "team-tourn"]
[EventCountry "CRO"]
[SourceTitle "playchess.com"]
[Source "ChessBase"]
[SourceQuality "1"]
[TimeControl "40/5400+30:1800+30"]

1. e4 e5 2. Nf3 Nc6 3. Nc3 Nf6 4. d4 exd4 5. Nxd4 Bb4 6. Nxc6 bxc6 7. Bd3 d5 8. exd5 cxd5 9. O-O O-O 10. Bg5 c6 11. Qf3 Be7 {[%emt 0:00:38] [#] 11...h6 is the recent fashion.} {Predecessor:} 12. h3 $146 {C47: Scotch Four Knights and Four Knights with 4 g3.} h6 13. Bf4 Bd6 14. Rfe1 Bxf4 15. Qxf4 Be6 16. Na4 Qb8 17. Qd4 Nd7 18. b4 a5 19. a3 axb4 20. axb4 Qd6 {0-1 (64) Hovhannisyan,R (2642)-Postny,E (2600) Chess.com INT 2020} 1/2-1/2

[Event "Croatian 1A League 2022"]
[Site "Porec"]
[Date "2022.10.02"]
[Round "9.7"]
[White "Kaczur, Florian"]
[Black "Kadric, Denis"]
[Result "0-1"]
[ECO "B30"]
[WhiteElo "2483"]
[BlackElo "2561"]
[Annotator "TA"]
[PlyCount "104"]
[EventDate "2022.09.24"]
[EventType "team-tourn"]
[EventCountry "CRO"]
[SourceTitle "playchess.com"]
[Source "ChessBase"]
[SourceQuality "1"]
[TimeControl "40/5400+30:1800+30"]

1. e4 c5 2. Nf3 Nc6 3. Nc3 e5 4. Bc4 g6 5. Nd5 Bg7 6. d3 {[%emt 0:07:28] B30: Sicilian: 2...Nc6 3 Bb5, lines without ...g6.} h6 7. a3 Nge7 8. Be3 {[%emt 0:05:32] White is slightly better.} d6 {[%emt 0:02:01] [#]} 9. c3 $146 ({Predecessor:} 9. h3 Nxd5 10. Bxd5 Ne7 11. Ba2 O-O 12. Qd2 Kh7 13. g4 f5 14. Qe2 f4 15. Bd2 {0-1 (48) Prieto Gonzalez,C (1505)-Villodre Miranda,J (1594) Madrid 2019}) 9... Nxd5 10. Bxd5 Ne7 11. Bc4 O-O 12. Qb3 b6 13. O-O Bb7 14. Rfe1 Rb8 15. Qc2 Kh7 16. d4 (16. Bd2 $15) 16... cxd4 $17 17. cxd4 Rc8 18. Qd3 {[%emt 0:03:22] [#] This costs White the game.} (18. Qb3 $17) 18... d5 $1 $19 19. Bxd5 Nxd5 20. exd5 Qxd5 21. Qd1 {[%emt 0:05:22] [#]} e4 22. Nd2 f5 ({Worse is} 22... Bxd4 23. Bxd4 Qxd4 24. Nxe4 Qxb2 25. Rb1 $17) 23. g3 (23. f3) 23... g5 24. f4 gxf4 25. gxf4 Bxd4 26. Nf1 Bxb2 27. Ng3 Qxd1 28. Raxd1 Rc7 {[%emt 0:00:31] Against Rd7+} 29. a4 Bc6 30. Rb1 Bc3 31. Rec1 Bxa4 32. Ra1 b5 33. Ra3 Ba5 {[%emt 0:00:14] Hoping for ...Rxc1+.} 34. Rxc7+ Bxc7 {[%emt 0:00:02] This bishop pair is nice.} 35. Rc3 Rf7 36. Rc6 Bd8 {[%emt 0:06:54] aiming for ...b4.} 37. Rd6 Bh4 38. Ra6 Bd1 {[%emt 0:10:48] Threatens to win with ...b4.} 39. Bxa7 Bg4 {[%emt 0:00:04] And now ...b4 would win.} 40. Bf2 Bd8 41. Ra8 Rd7 {[%emt 0:01:27] Black is clearly winning.} 42. Be3 (42. h3 $142 Bxh3 43. Rb8) 42... h5 {[%emt 0:04:35] ...b4 is the strong threat.} 43. h3 (43. Kf2 $142) 43... Bxh3 44. Nxh5 Rd3 {[%emt 0:01:25] Strongly threatening ...Kg6.} 45. Kh2 Bg4 46. Ng3 Bh4 47. Ra7+ Kg6 48. Bf2 e3 49. Be1 {[%emt 0:00:21] [#]} Rd2+ $1 50. Bxd2 (50. Kg1 Rd1) 50... Bxg3+ 51. Kxg3 exd2 52. Rd7 d1=Q {[%emt 0:00:06] Weighted Error Value: White=0.47/Black=0.19 (very precise)} 0-1